 Dungeon Crawl Stone Soup version 0.30-a0-743-gbfdf073431 (webtiles) character file.

Game seed: 7082726986929465259

1486 M4edhros the Insei (level 8, -2/54 HPs)
             Began as an Octopode Transmuter on Feb 5, 2023.
             Was a Believer of Cheibriados.
             Slain by a centaur (3 damage)
             ... on level 7 of the Dungeon.
             The game lasted 00:19:42 (3321 turns).

M4edhros the Insei (Octopode Transmuter)            Turns: 3321, Time: 00:19:43

Health: -2/54      AC:  2    Str: 15      XL:     8   Next: 80%
Magic:  23/23      EV: 23    Int: 17 (20) God:    Cheibriados [**....]
Gold:   320        SH:  0    Dex: 22      Spells: 5/15 levels left

rFire   . . .      SeeInvis .      - Unarmed
rCold   . . .      Faith    .    (shield currently unavailable)
rNeg    . . .      Spirit   .    (helmet currently unavailable)
rPois   .          Reflect  .    (no amulet)
rElec   .          Harm     .    j - ring of the Resonant God {rCorr MP+9}
rCorr   +          Rampage  .    r - ring of poison resistance
Will    .....                    b - ring of ice
Stlth   ++                       e - ring of fire
HPRegen 0.29/turn                (no ring)
MPRegen 0.18/turn                (no ring)
                                 (no ring)
                                 (no ring)

@: spider-form, very slow
A: venomous fangs, almost no armour, (amphibious), 8 rings, tiny, (camouflage
1), (gelatinous body 1), (nimble swimmer 1), (tentacles), (iridescent scales 1),
clumsy 1, wild magic 1
a: End Transformation, Renounce Religion, Bend Time


You were on level 7 of the Dungeon.
You worshipped Cheibriados.
Cheibriados was pleased with you.
You were a venomous arachnid creature.
You visited 2 branches of the dungeon, and saw 8 of its levels.
You also visited: Sewer.

You collected 320 gold pieces.

Inventory:

Missiles
 c - 17 poisoned darts
 l - 6 javelins
Jewellery
 b - a ring of ice (on tentacle)
 e - a ring of fire (on tentacle)
 j - the ring of the Resonant God (left front pincers) {rCorr MP+9}
   (You found it on level 4 of the Dungeon)

   [ring of magical power]

   MP:        It affects your magic capacity (+9).
   rCorr:     It protects you from acid and corrosion.
 r - a ring of poison resistance (right front pincers)
Wands
 t - a wand of polymorph (5)
Scrolls
 a - a scroll of identify
 d - a scroll of immolation
 f - 2 scrolls of noise
 m - a scroll of vulnerability
 p - a scroll of teleportation
Potions
 s - a potion of degeneration


   Skills:
 + Level 4.4 Fighting
 + Level 4.9 Dodging
 - Level 5.0 Unarmed Combat
 - Level 4.0 Spellcasting
 - Level 5.0 Transmutations
 + Level 3.1 Ice Magic
 - Level 3.0 Poison Magic


You had 5 spell levels left.
You knew the following spells:

 Your Spells              Type           Power      Damage    Failure   Level
a - Frozen Ramparts       Ice            54%        1d9       38%         3
b - Spider Form           Tmut/Pois      22%        N/A       30%         3
c - Ice Form              Ice/Tmut       33%        N/A       61%         4

Your spell library contained the following spells:

 Spells                   Type           Power      Damage    Failure   Level
 Beastly Appendage        Tmut           52%        N/A       12%         1
 Wereblood                Tmut           26%        N/A       16%         2
 Inner Flame              Hex/Fire       6%         N/A       73%         3
 Summon Ice Beast         Ice/Summ       17%        N/A       87%         4
 Cause Fear               Hex            2%         N/A       96%         4
 Discord                  Hex            2%         N/A       100%        8


Dungeon Overview and Level Annotations

Branches:
Dungeon (7/15)             Temple (1/1) D:5           Sewer (visited)

Altars:
Ashenzari
Cheibriados
Dithmenos
Elyvilon
Fedhas
Gozag
Hepliaklqana
Kikubaaqudgha
Nemelex Xobeh
Sif Muna
Trog
Xom
Zin
The Shining One

Shops:
D:3 !   D:4 =   D:5 [


Innate Abilities, Weirdness & Mutations

You are a venomous arachnid creature.
You have venomous fangs.
You are tiny and dextrous.
Your spellcasting is less reliable in this form.
Your armour is entirely melded.
You are incapable of wielding weapons or throwing items.
You cannot wear most types of armour.
((You are amphibious.))
You can wear up to eight rings at the same time.
((Your skin changes colour to match your surroundings (Stealth+).))
((Your rubbery body absorbs attacks. (AC +1, EV +1)))
((You are camouflaged when in or above water. (Stealth+)))
((You have tentacles for arms and can constrict up to eight enemies at once.))
((You are partially covered in iridescent scales. (AC +2)))
You are clumsy. (Dex -2)
Your spells are a little harder to cast, but a little more powerful.


Message History

Okay, then.
There is an open door, spattered with blood here.
Casting: Spider Form (dangerous; 13% risk of failure)
Confirm with . or Enter, or press ? or * to list all spells.
You turn into a venomous arachnid creature.
Your transformation is almost over.
There is an open door, spattered with blood here.
The centaur shoots an arrow.
The arrow closely misses you.
The centaur shoots an arrow.
The arrow misses you.
Things that are here:
a +0 dagger; a +0 leather armour; an orc corpse You close the door.
Unknown command.
Unknown command.
The centaur unwields a +0 shortbow.
The centaur hits you. The centaur closely misses you. The centaur misses you.
The centaur kicks you but does no damage.
You hit the centaur.
The centaur is poisoned.
The centaur is lightly wounded.
The centaur misses you. x2; The centaur hits you.
* * * LOW HITPOINT WARNING * * *
The centaur completely misses you.
You hit the centaur.
The centaur looks as sick as possible!
The centaur is moderately wounded.
Your transformation has ended.
The centaur hits you.
* * * LOW HITPOINT WARNING * * *
The centaur misses you.
Casting: Spider Form (dangerous; 13% risk of failure)
Confirm with . or Enter, or press ? or * to list all spells.
You turn into a venomous arachnid creature.
The centaur hits you.
* * * LOW HITPOINT WARNING * * *
The centaur completely misses you.
It was a potion of magic.
Magic courses through your body. The centaur hits you.
* * * LOW HITPOINT WARNING * * *
The centaur kicks you but does no damage.
The centaur closely misses you. The centaur kicks you.
You die...

#....W....##....##............#
#...##....##....##............#
#...########.........######..##
#....+...............# #..##
'§...#....##....##...+ #...#
#§####...>##..).##...# #)..#
##...##....##..).##.$.# #..##
.....##....##...))+..$# #..#
...........##...s##...# #..#
##...##....##...c##.c.# #..#
#...##....##.........######..#
#...##....##.........##..##..##
#.......).......##...##.......#
#...##..........##...##.......#
######'#####....##...#######'##
##....########...# #..##
#...........# .# #...#


You could see a centaur (extremely poisoned).

Vanquished Creatures
  A water moccasin (D:7)
  2 orc warriors (D:6)
  A sky beast (D:6)
  A kobold brigand (D:6)
  A phantom (D:7)
  2 bullfrogs
  A necrophage (D:6)
  A scorpion (D:5)
  A howler monkey (D:5)
  2 jellies (D:6)
  3 hounds
  3 orc priests
  A gnoll bouda (D:7)
  An iguana (D:4)
  4 orc wizards
  4 gnolls (D:7)
  7 adders
  3 worms (D:2)
  4 dart slugs
  16 orcs
  9 ball pythons
  18 endoplasms
  13 giant cockroaches
  4 goblins
  7 hobgoblins
  4 jackals (D:2)
  10 kobolds
  14 quokkas
  4 bats
  10 frilled lizards
  8 rats
160 creatures vanquished.

Vanquished Creatures (others)
  A plant (D:5)
1 creature vanquished.

Grand Total: 161 creatures vanquished

Notes
Turn   | Place    | Note
-------+----------+-------------------------------------------
     0 | D:1      | M4edhros the Octopode Transmuter began the quest for the
                  | Orb.
     0 | D:1      | Reached XP level 1. HP: 13/13 MP: 3/3
    30 | D:1      | Reached XP level 2. HP: 18/18 MP: 5/5
   217 | D:3      | Found a blossoming altar of Fedhas.
   291 | D:3      | Found Cesaorgh's Distillery.
   375 | D:3      | Found a glowing silver altar of Zin.
   517 | D:3      | Found a glowing drain.
   523 | D:3      | Reached XP level 3. HP: 23/23 MP: 6/6
   538 | D:3      | Learned a level 3 spell: Spider Form
   566 | Sewer    | Entered a sewer
   595 | Sewer    | Reached skill level 1 in Poison Magic
   638 | Sewer    | Reached XP level 4. HP: 25/28 MP: 4/7
   889 | Sewer    | Noticed a bullfrog
   902 | Sewer    | Killed a bullfrog
   903 | Sewer    | Reached XP level 5. HP: 25/33 MP: 4/8
   970 | D:4      | Found Fig Hyarch's Jewellery Boutique.
  1000 | D:4      | Identified the ring of the Resonant God {rCorr MP+9}
  1030 | D:4      | Learned a level 4 spell: Ice Form
  1117 | D:5      | Entered Level 5 of the Dungeon
  1154 | D:5      | Reached skill level 5 in Unarmed Combat
  1154 | D:5      | Reached XP level 6. HP: 38/38 MP: 9/9
  1166 | D:5      | Reached skill level 1 in Ice Magic
  1230 | D:5      | Found Heija's Antique Armour Boutique.
  1306 | D:5      | Found a staircase to the Ecumenical Temple.
  1311 | Temple   | Entered the Ecumenical Temple
  1406 | Temple   | Became a worshipper of Cheibriados the Contemplative
  1896 | D:2      | Reached * piety under Cheibriados
  2007 | D:2      | Reached XP level 7. HP: 45/45 MP: 10/10
  2458 | D:6      | Learned a level 3 spell: Frozen Ramparts
  2760 | D:6      | Found a broken altar of Ashenzari.
  2781 | D:6      | Reached ** piety under Cheibriados
  2782 | D:6      | Reached XP level 8. HP: 43/52 MP: 12/12
  2827 | D:6      | HP: 2/78 [acid (4)]
  2830 | D:6      | Gained mutation: You are partially covered in iridescent
                  | scales. (AC +2) [potion of mutation]
  2830 | D:6      | Gained mutation: You are clumsy. (Dex -2) [potion of
                  | mutation]
  2830 | D:6      | Gained mutation: Your spells are a little harder to cast,
                  | but a little more powerful. [potion of mutation]
  2922 | D:6      | Found a shimmering blue altar of Sif Muna.
  3045 | D:7      | Reached skill level 5 in Transmutations
  3321 | D:7      | HP: 1/54 [centaur (3)]
  3321 | D:7      | Slain by a centaur

Illustrated notes

Levels and vault maps discovered:
D:1:      pf_arrival_petrified_forest, layout_rooms, kennysheep_nondescript
D:2:      layout_basic
D:3:      layout_basic, mainiacjoe_overflow_cross_hatched, zin_academy,
          serial_shops, nicolae_shop_trees, portal_sewer_entry_f,
          dreamdust_wishing_well
D:4:      layout_loops_ring, serial_shops, shop
D:5:      layout_gridville, nzn_wu_jian_council_hall,
          nicolae_overflow_quartered_altars, temple_doors_e, serial_shops,
          nicolae_shop_trees, corexii_checkpoint_a, serial_bayou_lake_a
D:6:      layout_basic, mainiacjoe_overflow_six_doors_small,
          nicolae_overflow_crystal_walls, grunt_qazlal_sundering
D:7:      layout_gridville, overflow_temple_1_default
Temple:   hellmonk_temple_beads

Skill      XL: |  1  2  3  4  5  6  7  8 |
---------------+-------------------------+-----
Transmutations | 3 4 5 |  5.0
Poison Magic   | 1 3 |  3.0
Unarmed Combat | 4 5 |  5.0
Ice Magic      | 1 3 |  3.1
Fighting       | 2 3 4 |  4.4
Dodging        | 3 4 |  4.9
Spellcasting   | 4 |  4.0

Action                     |  1- 3 |  4- 6 |  7- 9 || total
---------------------------+-------+-------+-------++-------
  Melee: Unarmed           |    87 |   170 |   188 ||   445
         Constrict         |    16 |     8 |    14 ||    38
         Tentacles         |    13 |    11 |     7 ||    31
         Punch             |     2 |     4 |     8 ||    14
   Cast: Spider Form       |     4 |    19 |    16 ||    39
         Frozen Ramparts   |       |       |     2 ||     2
    Use: Potion            |       |     1 |    14 ||    15
         Scroll            |       |     7 |     5 ||    12
   Stab: Sleeping          |     5 |     4 |     1 ||    10
         Distracted        |       |       |     1 ||     1
 Armour: Skin              |     6 |    13 |    60 ||    79
  Dodge: Dodged            |    36 |   138 |   121 ||   295

Table legend: (Time is in decaauts)
 A = Elapsed time spent in this place.
 B = Non-inter-level travel time spent in this place.
 C = Inter-level travel time spent in this place.
 D = Time resting spent in this place.
 E = Time spent auto-exploring this place.
 F = Levels seen in this place.
 G = Mean time per level.
                   A        B        C        D        E       F      G
               +--------+--------+--------+--------+--------+-----+--------+
         Total |   3868 |   3596 |    272 |    135 |     42 |   9 |  429.8 |
       Dungeon |   3390 |   3135 |    255 |     88 |     42 |   7 |  484.3 |
        Temple |    112 |     96 |     16 |      0 |      0 |   1 |  112.0 |
         Sewer |    366 |    366 |      0 |     47 |      0 |   1 |  366.0 |
               +--------+--------+--------+--------+--------+-----+--------+

Top non-repeatable levels by time:
     D:2: 772 daAuts
     D:6: 713 daAuts
     D:3: 483 daAuts
     D:1: 411 daAuts
     D:7: 394 daAuts
   Sewer: 366 daAuts
     D:5: 312 daAuts
     D:4: 303 daAuts
  Temple: 112 daAuts
